 Dungeon Crawl Stone Soup version 0.31-a0-851-g7ff8af7976 (webtiles) character file.

Game seed: 1250741316847228549

218 Kurtz the Chopper (level 5, 41/41 HPs)
             Began as a Mummy Delver on Oct 6, 2023.
             Was a Follower of Dithmenos.
             Quit the game on level 1 of the Dungeon.
             The game lasted 00:02:01 (1313 turns).

Kurtz the Chopper (Mummy Delver)                    Turns: 1313, Time: 00:02:01

Health: 41/41      AC: 11    Str: 20    XL:     5   Next: 63%
Magic:  5/5        EV:  6    Int:  5    God:    Dithmenos [*.....]
Gold:   83         SH:  0    Dex: 14    Spells: 4/4 levels left

rFire   x . .        m - +5 hand axe "Fiafissi" {speed, rC+ rN+ Str+3 Int-4}
rCold   + + .        (no shield)
rNeg    + + +        j - +0 plate armour
rPois   ∞            (no helmet)
rElec   .            (no cloak)
rCorr   .            (no gloves)
SInv    .            t - +0 pair of boots
Will    .....        (no amulet) Stlth
                     (no ring)
HPRegen 0.26/turn    (no ring)
MPRegen 0.09/turn

%: faith
@: wreathed by umbra
A: cold resistance 1, negative energy resistance 3, torment resistance 2, heat
vulnerability 1, in touch with death 1, no potions, faith
a: Renounce Religion


You were on level 1 of the Dungeon.
You worshipped Dithmenos.
Dithmenos was aware of your devotion.
You visited 1 branch of the dungeon, and saw 5 of its levels.

You collected 83 gold pieces.

Inventory:

Hand Weapons
 a - a +0 hand axe
 k - a +2 mace of venom
 m - the +5 hand axe "Fiafissi" (weapon) {speed, rC+ rN+ Str+3 Int-4}
   (You found it on level 3 of the Dungeon)

   Str+3:     It affects your strength (+3).
   Int-4:     It affects your intelligence (-4).
   rC+:       It protects you from cold.
   rN+:       It protects you from negative energy.
 s - a +0 war axe
Missiles
 h - 4 poisoned darts
 l - a throwing net (quivered)
Armour
 j - a +0 plate armour (worn)
 o - an orb of light
 t - a +0 pair of boots (worn)
Jewellery
 n - a ring of flight
Wands
 f - a wand of digging (10)
 g - a wand of mindburst (12)
Scrolls
 c - 2 scrolls of fog
 d - a scroll of revelation
 e - a scroll of fear
 i - a scroll of immolation {unknown}
 p - 4 scrolls of teleportation {unknown}
 q - a scroll of amnesia {unknown}
 r - 2 scrolls of vulnerability {unknown}


   Skills:
 - Level 3.0 Fighting
 * Level 5.0 Axes
 - Level 1.5 Dodging
 - Level 4.1 Stealth


You had 4 spell levels left.
You didn't know any spells.
Your spell library contained the following spells:

 Spells                   Type           Power      Damage    Failure   Level
 Magic Dart               Conj           0%         1d3       100%        1
 Call Imp                 Summ           0%         N/A       100%        2
 Mephitic Cloud           Conj/Pois/Air  0%         N/A       100%        3


Dungeon Overview and Level Annotations

Branches:
Dungeon (5/15)
 Temple: D:4-7

Altars:
Dithmenos


Innate Abilities, Weirdness & Mutations

You are immune to poison.
Your flesh is cold resistant. (rC+)
You are immune to negative energy. (rN+++)
You are immune to unholy pain and torment.
You are vulnerable to heat. (rF-)
You are in touch with the powers of death.
You do not drink.
You have a special connection with the divine. (Faith)


Message History

The giant cockroach bites you.
You slash the giant cockroach!
You kill the giant cockroach!
p - 3 scrolls labelled YCUP RIUMOG (gained 1)
A ball python comes into view.
A ball python is nearby!
You slash the ball python!
You kill the ball python!
Your Axes skill increases to level 5!
No target in view!
No target in view!
No target in view!
You see here a ball python corpse.
r - 2 scrolls labelled ZAIDAFFIVI (gained 1)
Found a pair of boots.
No target in view!
p - 4 scrolls labelled YCUP RIUMOG (gained 1)
Found a faded altar of an unknown god.
No target in view!
No target in view!
You now have 83 gold pieces (gained 10).
You see here a +0 pair of boots.
h - 4 poisoned darts (gained 2) No target in view!
No target in view!
No target in view!
No target in view!
You see here a +0 pair of boots.
t - a +0 pair of boots You start putting on your armour.
You continue putting on your +0 pair of boots. x4
You finish putting on your +0 pair of boots.
Unknown command.
You drop a +0 leather armour.
There is a faded altar of an unknown god here.
This altar belongs to (a) Fedhas, (b) Wu Jian or (c) Dithmenos, but you can't tell which.
Press the corresponding letter to learn more about a god, or press enter to convert or escape to cancel.
Dithmenos accepts your prayer! Dithmenos welcomes you!
You are shrouded in an aura of darkness!
Are you sure you want to abandon this character and quit the game? (Confirm with "yes".)

#.# #.# #†# ##... #.#
#.## #..# #.# #.##
##.# #.# #.## ###..#
#.# #.##
####..$.######.# #.##
#..............# #.#
#.....#......#.# #.#
#.@.#......#.# #.##
#.#...#......#.# #..†
#..............# ####
#........[.....# #.
#.....#..#...#.#####.
#......#..#...#.......
#..###$#..#...#..####.
#.. ............# #.
#. ............# ##


There were no monsters in sight!

Vanquished Creatures
  A scorpion (D:5)
  A hound (D:5)
  Terence (D:3)
  2 iguanas (D:5)
  An adder (D:3)
  A dart slug (D:2)
  4 ball pythons
  2 bats
  4 endoplasms
  4 giant cockroaches
  6 goblins
  3 hobgoblins
  6 kobolds
  A quokka (D:1)
  A rat (D:1)
38 creatures vanquished.

Notes
Turn   | Place    | Note
-------+----------+-------------------------------------------
     0 | D:5      | Kurtz the Mummy Delver began the quest for the Orb.
     0 | D:5      | Reached XP level 1. HP: 18/18 MP: 1/1
    12 | D:5      | Noticed a hound
    41 | D:5      | Noticed a scorpion
    54 | D:5      | Killed a scorpion
    55 | D:5      | Reached skill level 3 in Axes
    55 | D:5      | Reached XP level 2. HP: 10/24 MP: 2/2
    55 | D:5      | Reached XP level 3. HP: 12/29 MP: 3/3
   294 | D:5      | Reached XP level 4. HP: 35/35 MP: 4/4
   462 | D:5      | Reached skill level 4 in Axes
   508 | D:5      | Reached XP level 5. HP: 41/41 MP: 5/5
   579 | D:3      | Noticed Terence
   595 | D:3      | Killed Terence
   603 | D:3      | Identified the +5 hand axe "Fiafissi" {speed, rC+ rN+ Str+3
                  | Int-4}
  1240 | D:1      | Reached skill level 5 in Axes
  1285 | D:1      | Found a faded altar of an unknown god.
  1312 | D:1      | Prayed at the altar of an unknown god.
  1312 | D:1      | Became a worshipper of Dithmenos the Shadowed
  1312 | D:1      | Reached * piety under Dithmenos
  1313 | D:1      | Quit the game

Illustrated notes

Levels and vault maps discovered:
D:1:      psy_arrival_terrarium, layout_loops_ring,
          hellmonk_ecumenical_altar_lost_god
D:2:      layout_loops_ring
D:3:      minmay_recursive_quarters, layout_basic, uniq_terence
D:4:      layout_cave_pods, mainiacjoe_overflow_concentric_impassable,
          grunt_temple_overflow_open, uniq_robin, uniq_duvessa, uniq_natasha
D:5:      layout_gridville, serial_bayou_pond_c, nicolae_shop_i_like_big_books,
          chequers_serial_rivers_small_a, dk_noncrumbling_3

Skill      XL: |  1  2  3  4  5 |
---------------+----------------+-----
Axes           | 3 4 5 |  5.0
Fighting       | |  3.0
Dodging        | |  1.5
Stealth        | |  4.1

Action                     |  1- 3 |  4- 6 || total
---------------------------+-------+-------++-------
  Melee: Hand axe          |    10 |    77 ||    87
         Mace              |       |     2 ||     2
  Throw: Throwing net      |       |     2 ||     2
  Evoke: Wand              |     2 |     6 ||     8
   Stab: Sleeping          |     1 |       ||     1
         Held in net/web   |       |     1 ||     1
 Armour: Leather armour    |     5 |       ||     5
         Plate armour      |       |    52 ||    52
  Dodge: Dodged            |     8 |    21 ||    29

Table legend: (Time is in decaauts)
 A = Elapsed time spent in this place.
 B = Non-inter-level travel time spent in this place.
 C = Inter-level travel time spent in this place.
 D = Time resting spent in this place.
 E = Time spent auto-exploring this place.
 F = Levels seen in this place.
 G = Mean time per level.
                   A        B        C        D        E       F      G
               +--------+--------+--------+--------+--------+-----+--------+
         Total |   1299 |   1271 |     28 |    203 |    756 |   5 |  259.8 |
       Dungeon |   1299 |   1271 |     28 |    203 |    756 |   5 |  259.8 |
               +--------+--------+--------+--------+--------+-----+--------+

Top non-repeatable levels by time:
     D:5: 542 daAuts
     D:1: 541 daAuts
     D:3: 184 daAuts
     D:2: 17 daAuts
     D:4: 12 daAuts
